Zag, lawful male human Samurai ----- |<..--- |.....----.. --..|...)|.- --.|-.....---- ---.........|--- ---.|....|..----. -----..|....|... ------ |........... |!.%(| --..%...--- |....| |..%..... ---|--------....- ------*---...-|...-- |..|-.........|o.-- |..-.....(....@@).. -----....%.^...----. |..............-- |.-----.........| |...| --..------- |...| ---- ----- Zag the Ninja Experience level: 7 Strength: 14 Dexterity: 14 Constitution: 18 Intelligence: 12 Wisdom: 9 Charisma: 9 Health: 0(71) Energy: 24(24) Def: 9 Gold: 183 Moves: 2940 Dungeon seed: NRBW93cnVvCFqQfA Game ID: Zag_1480788815 Your Inventory: Coins $ - 183 gold pieces Weapons a - a +0 katana (weapon in hand) b - a +0 wakizashi (alternate weapon; not wielded) c - a +0 yumi d - 7 +0 ya (in quiver) q - 5 cursed -1 shuriken Armor e - a blessed rustproof +0 splint mail (being worn) n - an uncursed +0 pair of iron shoes (being worn) N - an uncursed +0 orcish helm (being worn) Comestibles B - an uncursed fortune cookie E - an uncursed gunyoki Scrolls f - 2 uncursed scrolls of light h - an uncursed scroll of teleportation j - an uncursed scroll of confuse monster p - a blessed scroll of confuse monster s - an uncursed scroll of enchant weapon t - an uncursed scroll of enchant armor y - an uncursed scroll of identify Potions i - an uncursed potion of sake m - an uncursed potion of gain ability o - an uncursed potion of invisibility u - an uncursed potion of blindness x - an uncursed potion of fruit juice z - an uncursed potion of see invisible A - a cursed potion of see invisible Wands l - a wand of teleportation (0:2) D - a wand of locking (0:6) Tools r - a cursed magic lamp (lit) w - an expensive camera (0:88) C - a +0 pick-axe Spells and supernatural/magical abilities: Name Level Category Fail Memory W - pray for help -- divine ? -- Your skills at the end: Fighting Skills martial arts [Basic] Weapon Skills short sword [Basic] long sword [Expert] bow [Basic] Spellcasting Skills Final Attributes: You were piously aligned. You were poison resistant. You saw invisible. You were telepathic. You were fast. You are dead. Vanquished creatures: a leprechaun a dog a dwarf lord a rock piercer a violet fungus 9 gnome lords a gnomish wizard a red naga hatchling a black naga hatchling a guardian naga hatchling a straw golem 2 little dogs a floating eye 7 dwarves a kobold lord 9 hill orcs 7 rothes a rabid rat 4 orc zombies 4 dwarf zombies an iguana 2 acid blobs 2 manes a large kobold 2 brown molds a red mold 26 gnomes a gnome zombie 2 jackals a fox a kobold 3 grid bugs 2 bats 6 lichens 2 newts 108 creatures vanquished. Voluntary challenges: You had been an atheist until turn 2154. You used a wielded weapon 195 times, starting on turn 1. You read items or engraved 1 time, starting on turn 40. You never genocided any monsters. You never polymorphed an object. You never changed form. You used no wishes. You never split a pudding. You never wrote Elbereth's name. You violated your moral code, losing 44 points of alignment, starting on turn 1665. Dungeon overview: The Dungeons of Doom: levels 1 to 5 Level 1 a long staircase Level 2 a general store stairs to The Gnomish Mines Level 3 Level 4 some fountains Level 5 many fountains The Gnomish Mines: levels 3 to 6 Level 3 stairs to The Dungeons of Doom Level 4 Level 5 Level 6 <- You were here a delicatessen History has recorded: On T:1 you entered the Dungeons of Doom to retrieve the Amulet of Yendor! On T:339 you reached level 2 of The Dungeons of Doom. On T:495 you reached level 3 of The Dungeons of Doom. On T:633 you advanced to experience level 2. On T:763 you reached level 4 of The Dungeons of Doom. On T:998 you advanced to experience level 3. On T:1086 you reached level 5 of The Dungeons of Doom. On T:1229 you advanced to experience level 4. On T:1243 you reached level 1 of The Gnomish Mines. On T:1368 you advanced to experience level 5. On T:1581 you reached level 2 of The Gnomish Mines. On T:1765 you advanced to experience level 6. On T:1856 you reached level 3 of The Gnomish Mines. On T:2430 you advanced to experience level 7. On T:2760 you reached level 4 of The Gnomish Mines. Score breakdown: Gold: 183 ( 7704 points) Experience: 7 levels (13645 points) Exploration: 6 levels ( 12.77%) ( 9890 points) Discoveries: 4 items ( 1.63%) ( 3825 points) Valuables value: (no points given unless you survive) Artifact value: 0 ( 0 points) Variety of kills: 35 monsters ( 9.19%) ( 9092 points) Turncount: 2940 turns ( -570 points) Survival: died (score multiplied by 80%) Total score: 34868 Latest messages: You kill the hill orc! You miss the hill orc. The hill orc wields an orcish dagger! You kill the hill orc! The hill orc wields an orcish dagger! You hit the hill orc! The hill orc misses. You kill the hill orc! You have a little trouble lifting $ - 34 gold pieces. You see here a dwarvish cloak. You miss the watch captain. The watch captain wields a long sword! The watch captain swings her long sword. The watch captain hits! You miss the watch captain. The hill orc thrusts her orcish dagger. The hill orc hits! The watch captain swings her long sword. The watch captain hits! The watch captain swings her long sword. The watch captain hits! You die... Final status: Sayonara Zag the Samurai, killed by a watch captain... You died in The Gnomish Mines on dungeon level 6 with 34868 points, and 183 pieces of gold, after 2940 moves. You were level 7 with a maximum of 71 hit points when you died.